 Dungeon Sprint DCSS version 0.30.1-11-g7821555f0a (webtiles) character file.

Game seed: 5524141832941585245

598 DiggyJ the Fighter (level 7, -21/109 HPs)
             Began as a Minotaur Fighter on Jan 9, 2024.
             Was an Initiate of Ashenzari.
             Killed from afar by a lindwurm (34 damage)
             ... with a blast of flame
             ... in the Dungeon (Sprint VII: "The Pits").
             The game lasted 00:03:27 (262 turns).

DiggyJ the Fighter (Minotaur Fighter)                Turns: 262, Time: 00:03:27

Health: -21/109    AC: 14    Str: 23    XL:     7   Next: 17%
Magic:  6/6        EV:  9    Int:  5    God:    Ashenzari [......]
Gold:   0          SH:  6    Dex:  9    Spells: 6/6 levels left

rFire   . . .        q - +0 hand axe (heavy)
rCold   . . .        c - +0 buckler
rNeg    . . .        r - +3 chain mail of the Shackled Suspicion {Evo, Comp} (curse)
rPois   .            (helmet restricted)
rElec   .            (no cloak)
rCorr   .            (no gloves)
SInv    .            (no boots)
Will    .....        (no amulet) Stlth
                     (no ring)
HPRegen 0.38/turn    (no ring)
MPRegen 0.10/turn

%: no teleportation
@: berserking (expiring), spiked, very quick
A: horns 2, retaliatory headbutt
a: Renounce Religion, Shatter the Chains


You were in the Dungeon.
You worshipped Ashenzari.
Ashenzari was noncommittal.
You visited 1 branch

Inventory:

Hand Weapons
 a - a +0 war axe
 k - a +2 hand axe
 q - a +0 heavy hand axe (weapon)
Missiles
 m - 10 stones (quivered)
Armour
 b - a +0 scale mail
 c - a +0 buckler (worn)
 r - the cursed +3 chain mail of the Shackled Suspicion (worn) {Evo, Comp}
   (You found it in the Dungeon)

   It has a curse which improves the following skills: Evocations: Evocations.
   Companions: Summonings and Necromancy.
Scrolls
 j - a scroll of blinking
 n - 5 scrolls of amnesia
 o - a scroll of summoning
 p - 2 scrolls of vulnerability
Potions
 d - a potion of might
 e - 6 potions of curing
 f - 6 potions of heal wounds
 g - a potion of haste
 h - 4 potions of magic
 i - 2 potions of berserk rage
 l - 2 potions of invisibility


   Skills:
 + Level 10.5 Fighting
 + Level 9.2 Axes
 + Level 10.4 Armour
 + Level 1.2 Dodging
 + Level 9.3 Shields


You had 6 spell levels left.
You didn't know any spells.
Your spell library was empty.

Dungeon Overview and Level Annotations

Branches:
Dungeon (1/1)

Altars:
Ashenzari
Cheibriados
Dithmenos
Elyvilon
Fedhas
Gozag
Hepliaklqana
Kikubaaqudgha
Makhleb
Nemelex Xobeh
Okawaru
Qazlal
Ru
Sif Muna
Trog
Uskayaw
Vehumet
Wu Jian
Xom
Yredelemnul
Zin
The Shining One
Jiyva
Lugonu


Innate Abilities, Weirdness & Mutations

You have a pair of horns on your head.
You reflexively headbutt those who attack you in melee.


Message History

A red film seems to cover your vision as you go berserk!
You feel yourself moving faster!
You feel mighty! The red devil misses you.
You closely miss the phantom. You block the red devil's attack.
The phantom hits you but does no damage.
You barely miss the phantom.
The phantom hits you but does no damage.
The red devil misses you.
You miss the phantom. The red devil closely misses you.
The phantom barely misses you. You furiously retaliate!
You headbutt the phantom! You barely miss the phantom.
Your headbutt misses the phantom.
The phantom is severely damaged.
The red devil hits you from afar with a +0 trident!
* * * LOW HITPOINT WARNING * * *
Barbed spikes become lodged in your body.
The phantom misses you. You furiously retaliate!
You headbutt the phantom!
You destroy the phantom!
Your Axes skill increases to level 9!
The barbs in your skin will harm you if you move.
Continue? [Y]es or [N]o only, please.
The barbs in your skin will harm you if you move.
Continue? [Y]es or [N]o only, please.
The barbs in your skin will harm you if you move.
Continue? [Y]es or [N]o only, please.
The barbs in your skin will harm you if you move.
Continue? [Y]es or [N]o only, please.
The barbs in your skin will harm you if you move.
Continue? [Y]es or [N]o only, please.
The barbs in your skin will harm you if you move.
Continue?
Okay, then.
The barbs in your skin will harm you if you move.
Continue?
The barbed spikes dig painfully into your body as you move.
* * * LOW HITPOINT WARNING * * *
There is a broken door here.
You slice the red devil!!
The red devil is heavily wounded.
You barely miss the lindwurm. The lindwurm breathes flames at you.
The blast of flame hits you!!
You die...

#.#####'#####...<...#
#.#...)).[.##.......#
#.#...)))..##.......#
#'###########.......#
#.......# #########
#.###...# #####
#†#.....# ....#
#.#)..#.#+#....#
#..)..#.#.@4...+
#.))###.#'#k...#
#.......'.#....#
################


You could see a lindwurm (catching breath) and a red devil.

Vanquished Creatures
  A floating eye (D)
  An ice beast (D)
  A phantom (D)
  2 scorpions (D)
  An orc priest (D)
  2 iron imps (D)
  An iguana (D)
  2 orc wizards (D)
  A mummy (D)
  A gnoll (D)
  An adder (D)
  A river rat (D)
  A white imp (D)
  A worm (D)
  2 orcs (D)
  A ball python skeleton (D)
  A frilled lizard (D)
  A goblin (D)
  A quokka zombie (D)
23 creatures vanquished.

Notes
Turn   | Place    | Note
-------+----------+-------------------------------------------
     0 | D        | DiggyJ the Minotaur Fighter began the quest for the Orb.
     0 | D        | Reached XP level 1. HP: 19/19 MP: 0/0
    11 | D        | Noticed a floating eye
    12 | D        | Paralysed by a floating eye for 3 turns
    18 | D        | Killed a floating eye
    19 | D        | Reached XP level 2. HP: 34/34 MP: 1/1
    19 | D        | Reached XP level 3. HP: 39/39 MP: 2/2
    19 | D        | Reached XP level 4. HP: 47/47 MP: 3/3
    53 | D        | Found a bloodstained altar of Trog.
    53 | D        | Found a shimmering blue altar of Sif Muna.
    53 | D        | Found a viscous altar of Jiyva.
    53 | D        | Found a hazy altar of Hepliaklqana.
    53 | D        | Found an opulent altar of Gozag.
    54 | D        | Found a glowing golden altar of the Shining One.
    54 | D        | Found a glowing silver altar of Zin.
    54 | D        | Found a basalt altar of Yredelemnul.
    54 | D        | Found a shimmering altar of Xom.
    54 | D        | Found an ornate altar of the Wu Jian Council.
    54 | D        | Found a sacrificial altar of Ru.
    54 | D        | Found a stormy altar of Qazlal.
    54 | D        | Found an iron altar of Okawaru.
    54 | D        | Found a sparkling altar of Nemelex Xobeh.
    54 | D        | Found a burning altar of Makhleb.
    54 | D        | Found a blossoming altar of Fedhas.
    54 | D        | Found a white marble altar of Elyvilon.
    54 | D        | Found a shadowy altar of Dithmenos.
    54 | D        | Found a snail-covered altar of Cheibriados.
    56 | D        | Found a radiant altar of Vehumet.
    56 | D        | Found a corrupted altar of Lugonu.
    57 | D        | Found a hide-covered altar of Uskayaw.
    57 | D        | Found an ancient bone altar of Kikubaaqudgha.
    57 | D        | Found a broken altar of Ashenzari.
    67 | D        | Became a worshipper of Ashenzari the Shackled
    94 | D        | Noticed a scorpion
    98 | D        | Killed a scorpion
    99 | D        | Reached XP level 5. HP: 53/53 MP: 4/4
   107 | D        | Reached skill level 5 in Axes
   212 | D        | Reached XP level 6. HP: 63/63 MP: 5/5
   245 | D        | Reached skill level 10 in Fighting
   247 | D        | Noticed an ice beast
   250 | D        | Killed an ice beast
   251 | D        | Reached skill level 10 in Armour
   251 | D        | Reached skill level 1 in Dodging
   251 | D        | Reached XP level 7. HP: 35/72 MP: 6/6
   253 | D        | Noticed a lindwurm
   253 | D        | Noticed a red devil
   262 | D        | Killed from afar by a lindwurm

Illustrated notes

Levels and vault maps discovered:
D:        pitsprint [storerooms_1, entrance_room_1, metal_vault_8, armoury_2,
          mini_pit_1, grid_room_1, main_hall_1, silver_pit, the_coven_3,
          the_vestibule_1, steel_vault_5, golden_pit, hallway_of_sentries,
          crystal_vault_1, iron_vault_2, final_vault]

Skill      XL: |  1  2  3  4  5  6  7 |
---------------+----------------------+-----
Fighting       | 7 9 10 | 10.5
Axes           | 4 6 8 9 |  9.2
Armour         | 6 7 8 10 | 10.4
Shields        | 6 7 8 9 |  9.3
Dodging        | 1 |  1.2

Action                     |  1- 3 |  4- 6 |  7- 9 || total
---------------------------+-------+-------+-------++-------
  Melee: War axe           |     4 |       |       ||     4
         Headbutt          |     3 |    12 |       ||    15
         Hand axe          |       |    42 |     5 ||    47
 Invoke: Curse Item        |       |     1 |       ||     1
    Use: Potion            |       |       |     1 ||     1
 Armour: Scale mail        |       |    11 |       ||    11
         Chain mail        |       |    19 |     2 ||    21
  Dodge: Dodged            |       |    19 |     5 ||    24
  Block: Buckler           |       |     6 |     2 ||     8
